 Dungeon Sprint DCSS version 0.30-a0-219-gf2db51d15e (webtiles) character file.

Game seed: 5292158425810225803

351 rocky1 the Slasher (level 6, -1/51 HPs)
             Began as a Demonspawn Reaver on Oct 8, 2022.
             Was an Initiate of Gozag.
             Slain by a gnoll
             ... wielding a +0 spear of flaming
             ... led by a gnoll sergeant
              (4 damage)
             ... in the Dungeon (Sprint VII: "The Pits").
             The game lasted 00:01:40 (566 turns).

rocky1 the Slasher (Demonspawn Reaver)               Turns: 566, Time: 00:01:40

Health: -1/51      AC:  3    Str: 12    XL:     6   Next: 34%
Magic:  4/11       EV: 13    Int: 16    God:    Gozag
Gold:   495        SH:  0    Dex: 12    Spells: 11/12 levels left

rFire   . . .      SeeInvis .    l - +2 falchion
rCold   . . .      Faith    .    (no shield)
rNeg    . . .      Spirit   .    b - +0 leather armour
rPois   .          Reflect  .    (helmet restricted)
rElec   .          Harm     .    (no cloak)
rCorr   .          Rampage  .    (no gloves)
Will    .....      NoTele   +    (no boots)
Stlth   ++........               (no amulet)
HPRegen 0.28/turn                (no ring)
MPRegen 0.12/turn                (no ring)

@: gold aura
A: hooves 2, horns 1
a: Renounce Religion, Potion Petition, Call Merchant, Bribe Branch


You were in the Dungeon.
You worshipped Gozag.
Gozag was aware of your devotion.
You visited 1 branch You collected 495 gold pieces.

Inventory:

Hand Weapons
 a - a +0 falchion
 l - a +2 falchion (weapon)
Armour
 b - a +0 leather armour (worn)
Scrolls
 h - a scroll of blinking
 j - 5 scrolls of amnesia
 k - a scroll of summoning
Potions
 c - 6 potions of curing
 d - 6 potions of heal wounds
 e - a potion of haste
 f - 4 potions of magic
 g - 3 potions of berserk rage
 i - 2 potions of invisibility


   Skills:
 + Level 5.0 Fighting
 + Level 7.5 Long Blades
 + Level 4.5 Armour
 + Level 4.6 Dodging
 + Level 2.0 Stealth
 + Level 3.9 Spellcasting
 + Level 6.2 Conjurations
 + Level 1.7 Necromancy


You had 11 spell levels left.
You knew the following spells:

 Your Spells              Type           Power      Damage    Failure   Level
a - Kiss of Death         Conj/Necr      60%        2d10      4%          1

Your spell library contained the following spells:

 Spells                   Type           Power      Damage    Failure   Level
 Momentum Strike          Conj/Tloc      26%        3d8       9%          2
 Hailstorm                Conj/Ice       13%        3d5       19%         3


Dungeon Overview and Level Annotations

Branches:
Dungeon (1/1)

Altars:
Ashenzari
Cheibriados
Dithmenos
Fedhas
Gozag
Hepliaklqana
Kikubaaqudgha
Makhleb
Nemelex Xobeh
Okawaru
Qazlal
Ru
Sif Muna
Trog
Uskayaw
Vehumet
Wu Jian
Xom
Yredelemnul
Jiyva
Lugonu


Innate Abilities, Weirdness & Mutations

You have hoof-like feet.
You have a pair of small horns on your head.


Message History

You feel drained.
The gnoll sergeant hits you but does no damage.
Casting: Kiss of Death (safe; 4% risk of failure)
Confirm with . or Enter, or press ? or * to list all spells.
Aiming: Kiss of Death (safe; 4% risk of failure)
Press: ? - help, Shift-Dir - straight line, f/p - gnoll sergeant
Aim: a gnoll sergeant, wielding a +0 spear, wearing a +0 scale mail and wearing a +0 buckler (lightly wounded, lightly drained, 100% to hit)
The negative energy hits the gnoll sergeant.
The gnoll sergeant is drained!
The gnoll sergeant is moderately wounded.
You feel drained.
The gnoll sergeant hits you with a +0 spear.
A gnoll comes into view. It is wielding a +0 spear of flaming.
The gnoll shouts!
You hit the gnoll sergeant. The gnoll sergeant blocks your attack.
The gnoll sergeant is heavily wounded.
You hear a shout!
The gnoll sergeant hits you with a +0 spear.
You slash the gnoll sergeant!
The gnoll sergeant is severely wounded.
The gnoll sergeant hits you but does no damage.
Casting: Kiss of Death (safe; 4% risk of failure)
Confirm with . or Enter, or press ? or * to list all spells.
Aiming: Kiss of Death (safe; 4% risk of failure)
Press: ? - help, Shift-Dir - straight line, f/p - gnoll sergeant
Aim: a gnoll sergeant, wielding a +0 spear, wearing a +0 scale mail and wearing a +0 buckler (severely wounded, heavily drained, 100% to hit)
The negative energy hits the gnoll sergeant!
The gnoll sergeant is drained!
You kill the gnoll sergeant!
You feel drained.
The gnoll hits you from afar with a +0 spear of flaming.
The gnoll burns you.
Your life force feels restored.
Your Fighting skill increases to level 5!
Your Stealth skill increases to level 2!
The gnoll hits you with a +0 spear of flaming!
* * * LOW HITPOINT WARNING * * *
The gnoll burns you.
You die...
Your body crumbles into a pile of gold.

#...........'.....
#'#####)#####.....
#.#..#.....##.....
#.#))#####'#####'#
#.#))#..)..##.....
#.#))#.....##.....
#.#[[###'####.....
#$##'#.....##...<.
#@#........##.....
#g#........##.....
#'###########.....
#.. ###### #..#
#.## #.. #.# #..


You could see a gnoll.

Vanquished Creatures
  A fire bat (D)
  A black bear (D)
  A gnoll sergeant (D)
  An orc wizard (D)
  A gnoll (D)
  A river rat (D)
  An orc (D)
  A bat zombie (D)
  A goblin (D)
  3 jackals (D)
  A ball python (D)
  A ball python skeleton (D)
  A ball python zombie (D)
  A giant cockroach zombie (D)
16 creatures vanquished.

Notes
Turn   | Place    | Note
-------+----------+-------------------------------------------
     0 | D        | rocky1 the Demonspawn Reaver began the quest for the Orb.
     0 | D        | Reached XP level 1. HP: 16/16 MP: 3/3
    32 | D        | Reached skill level 3 in Long Blades
    32 | D        | Discovered your monstrous ancestry.
    32 | D        | Gained mutation: You have a pair of small horns on your
                  | head. [demonic ancestry]
    32 | D        | Reached XP level 2. HP: 10/22 MP: 3/5
   208 | D        | Found a bloodstained altar of Trog.
   208 | D        | Found a shimmering blue altar of Sif Muna.
   208 | D        | Found a viscous altar of Jiyva.
   208 | D        | Found a hazy altar of Hepliaklqana.
   208 | D        | Found an opulent altar of Gozag.
   209 | D        | Found a basalt altar of Yredelemnul.
   209 | D        | Found a shimmering altar of Xom.
   209 | D        | Found an ornate altar of the Wu Jian Council.
   209 | D        | Found a sacrificial altar of Ru.
   209 | D        | Found a stormy altar of Qazlal.
   209 | D        | Found an iron altar of Okawaru.
   209 | D        | Found a sparkling altar of Nemelex Xobeh.
   209 | D        | Found a burning altar of Makhleb.
   209 | D        | Found a blossoming altar of Fedhas.
   209 | D        | Found a shadowy altar of Dithmenos.
   209 | D        | Found a snail-covered altar of Cheibriados.
   212 | D        | Found a corrupted altar of Lugonu.
   212 | D        | Found a radiant altar of Vehumet.
   213 | D        | Found an ancient bone altar of Kikubaaqudgha.
   213 | D        | Found a hide-covered altar of Uskayaw.
   213 | D        | Found a broken altar of Ashenzari.
   216 | D        | Became a worshipper of Gozag Ym Sagoz the Greedy
   372 | D        | Noticed a black bear
   388 | D        | Killed a black bear
   389 | D        | Reached skill level 5 in Long Blades
   389 | D        | Reached skill level 1 in Stealth
   389 | D        | Reached skill level 5 in Conjurations
   389 | D        | Gained mutation: You have large cloven feet. [demonic
                  | ancestry]
   389 | D        | Reached XP level 3. HP: 8/29 MP: 3/7
   389 | D        | Reached XP level 4. HP: 9/36 MP: 3/8
   541 | D        | Noticed a fire bat
   552 | D        | Noticed a gnoll sergeant
   553 | D        | Killed a fire bat
   554 | D        | Reached skill level 7 in Long Blades
   554 | D        | Reached skill level 1 in Necromancy
   554 | D        | Reached XP level 5. HP: 28/43 MP: 5/10
   554 | D        | Gained mutation: You have hoof-like feet. [demonic
                  | ancestry]
   554 | D        | Reached XP level 6. HP: 32/49 MP: 5/11
   566 | D        | Reached skill level 5 in Fighting
   566 | D        | Slain by a gnoll

Illustrated notes

Levels and vault maps discovered:
D:        pitsprint [storerooms_1, entrance_room_1, metal_vault_1, armoury_3,
          mini_pit_1, grid_room_1, main_hall_1, silver_pit, the_coven_3,
          the_vestibule_1, steel_vault_2, golden_pit, hallway_of_sentries,
          crystal_vault_6, iron_vault_1, final_vault]

Skill      XL: |  1  2  3  4  5  6 |
---------------+-------------------+-----
Long Blades    | 3 5 7 |  7.5
Dodging        | 2 3 4 |  4.6
Conjurations   | 5 6 |  6.2
Fighting       | 3 4 5 |  5.0
Armour         | 2 4 |  4.5
Stealth        | 1 2 |  2.0
Spellcasting   | 3 |  3.9
Necromancy     | 1 |  1.7

Action                   |  1- 3 |  4- 6 || total
-------------------------+-------+-------++-------
Melee: Falchion          |    44 |    13 ||    57
       Headbutt          |     6 |     6 ||    12
       Kick              |       |     5 ||     5
 Cast: Kiss of Death     |     3 |     5 ||     8
 Stab: Distracted        |     1 |       ||     1
Armor: Leather armour    |    13 |     4 ||    17
Dodge: Dodged            |    36 |     8 ||    44

Table legend: (Time is in decaauts)
 A = Elapsed time spent in this place.
 B = Non-inter-level travel time spent in this place.
 C = Inter-level travel time spent in this place.
 D = Time resting spent in this place.
 E = Time spent auto-exploring this place.
 F = Levels seen in this place.
 G = Mean time per level.
                   A        B        C        D        E       F      G
               +--------+--------+--------+--------+--------+-----+--------+
         Total |    572 |    556 |     16 |    347 |      0 |   1 |  572.0 |
       Dungeon |    572 |    556 |     16 |    347 |      0 |   1 |  572.0 |
               +--------+--------+--------+--------+--------+-----+--------+

Top non-repeatable levels by time:
       D: 572 daAuts
